 Dungeon Crawl Stone Soup version 0.21-a0-216-g6d3fd91 (webtiles) character file.

98 rin1221 the Ducker (level 5, -2/30 HPs)
             Began as a Kobold Arcane Marksman on Aug 23, 2017.
             Was an Initiate of Sif Muna.
             Slain by Grinder (6 damage)
             ... on level 3 of the Dungeon.
             The game lasted 00:10:57 (2356 turns).

rin1221 the Ducker (Kobold Arcane Marksman)         Turns: 2356, Time: 00:11:00

Health: -2/30      AC:  5    Str: 10    XL:     5   Next: 0%
Magic:  8/8        EV: 16    Int: 16    God:    Sif Muna [......]
Gold:   98         SH:  0    Dex: 15    Spells: 2/8 levels left

rFire    . . .     SeeInvis .   a - +1 hand crossbow
rCold    . . .     Gourm    .   (shield restricted)
rNeg     . . .     Faith    .   e - +2 robe
rPois    .         Spirit   .   (no helmet)
rElec    .         Reflect  .   (no cloak)
rCorr    .         Harm     .   (no gloves)
MR       .....                  p - +0 pair of boots
Stlth    ++........             (no amulet)
HPRegen  0.10/turn              n - +3 ring of strength
MPRegen  0.11/turn              (no ring)

@: no status effects
A: carnivore 3
a: Renounce Religion


You were on level 3 of the Dungeon.
You worshipped Sif Muna.
Sif Muna was noncommittal.
You were very full.

You visited 1 branch of the dungeon, and saw 3 of its levels.

You collected 98 gold pieces.

Inventory:

Hand Weapons
 a - a +1 hand crossbow (weapon)
 h - a +0 dagger
 i - a +0 hunting sling
Missiles
 d - 13 bolts (quivered)
 g - 38 stones
 j - 28 sling bullets
Armour
 e - a +2 robe (worn)
 p - a +0 pair of boots (worn)
Jewellery
 n - a +3 ring of strength (left hand)
Scrolls
 k - 2 scrolls of remove curse
 m - a scroll of enchant weapon
 q - a scroll of identify
Potions
 b - a potion of curing {unknown}
 l - a potion of might {unknown}
 o - a potion of flight {unknown}
Books
 c - a book of Debilitation

   Spells                             Type                      Level
   a - Corona                         Hexes                        1
   b - Slow                           Hexes                        2
   c - Inner Flame                    Hexes/Fire                   3
   d - Portal Projectile              Hexes/Translocation          3
   e - Cause Fear                     Hexes                        4
   f - Leda's Liquefaction            Hexes/Earth                  4
Comestibles
 f - 2 meat rations
 r - a royal jelly
 s - 2 chunks of flesh


   Skills:
 + Level 1.9 Fighting
 * Level 2.9 Crossbows
 + Level 1.5 Throwing
 * Level 3.4 Dodging
 - Level 1.3 Stealth
 * Level 2.2 Spellcasting
 - Level 3.0 Hexes
 + Level 0.6 Fire Magic
 + Level 0.0 Invocations


You had 2 spell levels left.
You knew the following spells:

 Your Spells              Type           Power        Failure   Level  Hunger
a - Corona                Hex            ##.....      6%          1    #......
b - Slow                  Hex            ##......     9%          2    ###....
c - Inner Flame           Hex/Fire       #.......     28%         3    ###....


Dungeon Overview and Level Annotations

Branches:
Dungeon (3/15)

Altars:
Sif Muna

Annotations:
D:3 Grinder


Innate Abilities, Weirdness & Mutations

You are small and have problems with some larger weapons.
You are carnivorous and can eat meat at any time.


Message History

Press: ? - help, Shift-Dir - straight line, f/p - Grinder
Aim: Grinder (heavily wounded)
You shoot a bolt. The bolt closely misses Grinder.
Grinder blinks!
Grinder hits you!
You writhe in agony.
Firing (i - inventory. (,) - cycle):
d - 15 bolts (quivered)
Press: ? - help, Shift-Dir - straight line, f/p - Grinder
Aim: Grinder (heavily wounded)
You shoot a bolt. The bolt closely misses Grinder.
Grinder hits you.
You writhe in agony.
* * * LOW HITPOINT WARNING * * *
Firing (i - inventory. (,) - cycle):
d - 14 bolts (quivered)
Press: ? - help, Shift-Dir - straight line, f/p - Grinder
Aim: Grinder (heavily wounded)
You shoot a bolt.
The bolt hits Grinder but does no damage.
Grinder is heavily wounded.
Grinder hits you.
* * * LOW HITPOINT WARNING * * *
You writhe in agony.
You die...

...+. #.......#
..#. #.......#
... #.......#
###.. #....(..#
..... #.......#
.#.##..##.......#
................#
###...@5...((#
#..<.....?...#
#.#..........#
#.###..........#
#..............#
#######..#.##.#.#
.........#.# ##.#
#####
########.#.# #.#
#...# #.#.# #.#
#...#


You could see Grinder.

Vanquished Creatures
  A gnoll (D:2)
  2 adders (D:2)
  An ooze (D:2)
  A worm (D:2)
  2 dart slugs
  2 leopard geckos
  7 bats
  5 giant cockroaches
  7 goblins
  6 hobgoblins
  5 jackals
  8 kobolds
  4 frilled lizards
  5 rats
56 creatures vanquished.

Notes
Turn   | Place    | Note
-------+----------+-------------------------------------------
     0 | D:1      | rin1221 the Kobold Arcane Marksman began the quest for the Orb.
     0 | D:1      | Reached XP level 1. HP: 12/12 MP: 2/2
    93 | D:1      | Reached XP level 2. HP: 7/16 MP: 2/4
    97 | D:1      | Learned a level 2 spell: Slow
   273 | D:1      | Reached skill level 1 in Stealth
   740 | D:1      | Reached XP level 3. HP: 20/20 MP: 5/5
  1404 | D:2      | Learned a level 3 spell: Inner Flame
  1450 | D:2      | Reached skill level 1 in Throwing
  1450 | D:2      | Reached XP level 4. HP: 23/25 MP: 7/7
  1547 | D:2      | Found a deep blue altar of Sif Muna.
  1555 | D:2      | Became a worshipper of Sif Muna the Loreminder
  2314 | D:3      | Reached XP level 5. HP: 28/30 MP: 8/8
  2342 | D:3      | Noticed Grinder
  2356 | D:3      | Slain by Grinder

Vault maps used:
D:1:      eino_arrival_tree_alley, fountainhead
D:2:      cheibrodos_old_hovel, nicolae_overflow_crystal_walls, minmay_tripent
D:3:      first_bread, nemelex_xobeh_ov_fountains_minmay, uniq_grinder,
          uniq_ijyb

Skill      XL: |  1  2  3 |
---------------+----------+-----
Stealth        | 1 |  1.3
Spellcasting   | 2 |  2.2
Dodging        | 3 |  3.4
Throwing       | 1 |  1.5
Fighting       | |  1.9
Crossbows      | |  2.9
Hexes          | |  3.0
Fire Magic     | |  0.6

Action                   |  1- 3 |  4- 6 || total
-------------------------+-------+-------++-------
Melee: Dagger            |     9 |       ||     9
 Fire: Hand crossbow     |    11 |    21 ||    32
       Hunting sling     |   110 |    67 ||   177
 Cast: Corona            |       |     4 ||     4
  Use: Scroll            |     5 |     1 ||     6
  Eat: Chunk             |    10 |     2 ||    12
Armor: Robe              |    13 |     9 ||    22
Dodge: Dodged            |    65 |    48 ||   113

Table legend:
 A = Spawn XP
 B = Non-spawn XP
 C = Spawn XP percentage of total XP
 D = Spawn monster count
 E = Non-spawn monster count
 F = Spawn count percentage of total count
 G = Total turns spent on level
                    A         B        C        D         E        F      G
               +---------+---------+-------+---------+---------+-------+---------
         Total |      38 |     102 |  27.1 |      11 |      45 |  19.6 |  2356
               +---------+---------+-------+---------+---------+-------+---------
           D:1 |       9 |      37 |  19.6 |       5 |      21 |  19.2 |  1177
           D:2 |      29 |      59 |  33.0 |       6 |      21 |  22.2 |  1097
           D:3 |       0 |       6 |   0.0 |       0 |       3 |   0.0 |    82
               +---------+---------+-------+---------+---------+-------+---------
